 Dungeon Crawl Stone Soup version 0.19.1-1-g22dce08 (webtiles) character file.

1141 Alarkh the Cleaver (level 8, 47/58 HPs)
             Began as a Demonspawn Monk on Jan 7, 2017.
             Quit the game on level 5 of the Dungeon.
             The game lasted 00:07:32 (4274 turns).

Alarkh the Cleaver (Demonspawn Monk)                Turns: 4274, Time: 00:07:32

Health: 47/58      AC:  4    Str: 16    XL:     8   Next: 14%
Magic:  8/8        EV: 13    Int: 13    God:
Gold:   236        SH:  0    Dex: 16    Spells: 0 memorised, 7 levels left

rFire  . . .     SeeInvis .     u - +0 war axe
rCold  . . .     Gourm    .     b - +0 robe
rNeg   . . .     Faith    .     (no shield)
rPois  .         Spirit   .     (helmet restricted)
rElec  .         Reflect  .     (no cloak)
rCorr  .         Harm     .     (no gloves)
MR     .....                    (no boots)
Stlth  ++........               t - amulet of rage
                                (no ring)
                                g - +4 ring of strength

@: no status effects
A: antennae 2, yellow scales 1, powered by pain 1, spiny 1
a: Evoke Berserk Rage


You were on level 5 of the Dungeon.
You were not hungry.

You visited 1 branch of the dungeon, and saw 5 of its levels.

You collected 236 gold pieces.

Inventory:

Hand Weapons
 a - a +0 hand axe
 u - a +0 war axe (weapon)
Armour
 b - a +0 robe (worn)
Jewellery
 g - a +4 ring of strength (left hand)
 r - an uncursed amulet of regeneration
 t - an amulet of rage (around neck)
 v - an uncursed amulet of magic regeneration
Scrolls
 e - 2 scrolls of identify
 f - 2 scrolls of random uselessness
 l - 2 scrolls of remove curse
 n - 4 scrolls of teleportation
 p - 2 scrolls of blinking
 q - a scroll of enchant weapon {unknown}
 s - 3 scrolls of magic mapping
 y - a scroll of fog {unknown}
Potions
 d - a potion of brilliance
 h - 2 potions of resistance
 k - a potion of magic
 m - 2 potions of lignification
 w - 2 potions of heal wounds {unknown}
 x - a potion of curing
Comestibles
 c - 3 bread rations
 j - a beef jerky
 o - 5 fruits


   Skills:
 - Level 3.0 Fighting
 + Level 9.3 Axes
 - Level 2.6 Dodging
 - Level 1.7 Stealth


You had 7 spell levels left.
You didn't know any spells.

Dungeon Overview and Level Annotations

Branches:
Dungeon (5/15)
 Temple: D:4-7

Altars:

Annotations:
D:5 Blork the orc


Innate Abilities, Weirdness & Mutations

You have a pair of antennae on your head.
You are partially covered in yellow scales. (AC +2)
You sometimes gain a little power by taking damage.
You are partially covered in sharp spines.


Message History

You start resting.
You feel sick. x3
You are no longer poisoned.
You start resting.
You now have 229 gold pieces (gained 18).
w - 2 amethyst potions (gained 1)
n - 4 scrolls of teleportation (gained 1)
You now have 236 gold pieces (gained 7).
All of the chunks of flesh in your inventory have rotted away.
An adder comes into view.
An adder is nearby!
An adder is nearby!
The helpless adder fails to defend itself.
You slash the adder!
The adder is severely wounded.
The adder completely misses you.
You hit the adder.
You kill the adder!
No target in view!
Are you sure you want to abandon this character and quit the game? (Confirm with "yes".)

###.....................
#.......................
###.....................
###.....(.............
#...#...............
###.##..............
#.##.#.....##.)...
#.........####....
#@........ #..#.#
#.†..(.... #.##.#
#.####... #. #.# #.# .#
#. #.# # #.# #.# ##..
#.....# .##... #.....#
.#.##... #.....#
........


There were no monsters in sight!

Vanquished Creatures
  Menkaure (D:4)
  A water moccasin (D:5)
  2 ogres (D:4)
  A phantom (D:3)
  A crimson imp (D:5)
  3 hounds
  4 orc wizards
  3 orc priests (D:3)
  6 worker ants
  Robin (D:4)
  A howler monkey skeleton (D:5)
  9 adders
  An ooze (D:3)
  An adder zombie (D:5)
  2 adder skeletons (D:5)
  3 dart slugs
  3 worms
  14 orcs
  5 bats
  4 giant cockroaches (D:3)
  12 goblins
  11 hobgoblins
  4 jackals (D:3)
  A quokka (D:5)
  A ball python (D:4)
  4 frilled lizards
  4 kobolds
  A leopard gecko skeleton (D:5)
  5 rats
109 creatures vanquished.

Notes
Turn   | Place    | Note
-------+----------+-------------------------------------------
     0 | D:1      | Alarkh the Demonspawn Monk began the quest for the Orb.
     0 | D:1      | Reached XP level 1. HP: 18/18 MP: 1/1
   257 | D:1      | Reached skill level 3 in Axes
   467 | D:1      | Gained mutation: You have a pair of small antennae on your head. [demonic ancestry]
   467 | D:1      | Reached XP level 2. HP: 12/24 MP: 2/2
   995 | D:2      | Reached XP level 3. HP: 16/29 MP: 3/3
  1047 | D:2      | Reached skill level 4 in Axes
  1652 | D:3      | Reached XP level 4. HP: 35/35 MP: 4/4
  1761 | D:4      | Noticed Robin
  1761 | D:4      | Noticed a phantom
  1761 | D:4      | Noticed an ogre
  1785 | D:3      | Gained mutation: You are occasionally teleported next to monsters. [potion of mutation]
  1785 | D:3      | Gained mutation: Your natural rate of healing is unusually fast. [potion of mutation]
  1785 | D:3      | Gained mutation: Armour fits poorly on your strangely shaped body. [potion of mutation]
  1787 | D:3      | Lost mutation: Armour fits poorly on your strangely shaped body. [potion of cure mutation]
  1787 | D:3      | Lost mutation: Your natural rate of healing is unusually fast. [potion of cure mutation]
  1787 | D:3      | Lost mutation: You are occasionally teleported next to monsters. [potion of cure mutation]
  1977 | D:3      | Reached skill level 5 in Axes
  2076 | D:3      | Gained mutation: You are partially covered in yellow scales. (AC +2) [demonic ancestry]
  2076 | D:3      | Reached XP level 5. HP: 19/41 MP: 5/5
  2695 | D:4      | Noticed Menkaure
  2703 | D:4      | Reached skill level 6 in Axes
  2703 | D:4      | Killed Robin
  2713 | D:3      | Gained mutation: You are partially covered in sharp spines. [demonic ancestry]
  2713 | D:3      | Reached XP level 6. HP: 29/47 MP: 6/6
  2834 | D:4      | Killed Menkaure
  2882 | D:3      | Reached skill level 7 in Axes
  3057 | D:3      | Gained mutation: You have a pair of antennae on your head. [demonic ancestry]
  3057 | D:3      | Reached XP level 7. HP: 26/52 MP: 7/7
  3215 | D:4      | You fall through a shaft!
  3215 | D:5      | Entered Level 5 of the Dungeon
  3362 | D:5      | Reached skill level 8 in Axes
  3393 | D:5      | Noticed Blork the orc
  4046 | D:5      | Reached skill level 9 in Axes
  4046 | D:5      | Gained mutation: You sometimes gain a little power by taking damage. [demonic ancestry]
  4046 | D:5      | Reached XP level 8. HP: 50/58 MP: 8/8
  4274 | D:5      | Quit the game

Skill      XL: |  1  2  3  4  5  6  7 |
---------------+----------------------+-----
Axes           | 3 4 5 6 7 9 |  9.3
Fighting       | |  3.0
Dodging        | |  2.6
Stealth        | |  1.7

Action                   |  1- 3 |  4- 6 |  7- 9 || total
-------------------------+-------+-------+-------++-------
Melee: Hand axe          |   112 |   184 |    38 ||   334
       War axe           |       |       |    44 ||    44
 Abil: Evoke Berserk Rag |       |     3 |     1 ||     4
  Use: Scroll            |     5 |     4 |     1 ||    10
       Potion            |     3 |     6 |       ||     9
 Stab: Sleeping          |     1 |     3 |     2 ||     6
       Distracted        |       |       |     1 ||     1
  Eat: Chunk             |     2 |     8 |     5 ||    15
Armor: Robe              |    23 |    30 |    16 ||    69
       Skin              |     5 |    11 |       ||    16
Dodge: Dodged            |    80 |   137 |    54 ||   271
